TOP OF THE 1ST |
Santa Clarita Music batting - Pitching for Long Beach KO : RHP José Rivera
|
Pitching: RHP José Rivera
|
|
Batting: RHB Luis Suárez
|
0-0: Called Strike 0-1: Foul Ball, location: 2F 0-2: SINGLE (Line Drive, 4D)
|
Batting: RHB António Martínez
|
0-0: Foul Ball, location: 2F Balk! Luis Suárez to second 0-1: Ball 1-1: Ball 2-1: Swinging Strike 2-2: Strikes out looking
|
Batting: RHB Rickey Núñez
|
0-0: Ball 1-0: Called Strike 1-1: SINGLE (Flyball, 9LS) Luis Suárez to third Runner from 3rd tries for Home, SAFE, no throw
|
Batting: LHB Francisco Blanco
|
0-0: Called Strike 0-1: 2-RUN HOME RUN (Line Drive, 9D), Distance : 361 ft
|
Batting: SHB Stan Gómez
|
0-0: Ball 1-0: Foul Ball, location: 2F 1-1: Fly out, F8 (Line Drive, 89D)
|
Batting: SHB Pedro Rodríguez
|
0-0: Called Strike 0-1: Ball 1-1: Foul Ball, location: 2F 1-2: Ball 2-2: Strikes out swinging
|
Top of the 1st over - 3 run(s), 3 hit(s), 0 error(s), 0 left on base; Santa Clarita 3 - Long Beach 0 |
BOTTOM OF THE 1ST |
Long Beach KO batting - Pitching for Santa Clarita Music : RHP Pat Hardy
|
Pitching: RHP Pat Hardy
|
|
Batting: RHB Cal Cox
|
0-0: Foul Ball, location: 2F 0-1: Called Strike 0-2: Strikes out swinging
|
Batting: SHB Albert Flores
|
0-0: Ground out 4-3 (Groundball, 4)
|
Batting: RHB Rich Crabtree
|
0-0: Ball 1-0: Foul Ball, location: 2F 1-1: SINGLE (Line Drive, 7LS)
|
Batting: LHB Adrian Neal
|
0-0: Called Strike 0-1: Foul Ball, location: 2F 0-2: Foul Ball, location: 2F 0-2: Ball 1-2: Ball 2-2: Ball 3-2: 2-RUN HOME RUN (Flyball, 89XD), Distance : 393 ft
|
Batting: RHB Tim Torres
|
0-0: Swinging Strike 0-1: Ground out 5-3 (Groundball, 56)
|
Bottom of the 1st over - 2 run(s), 2 hit(s), 0 error(s), 0 left on base; Santa Clarita 3 - Long Beach 2 |
TOP OF THE 2ND |
Santa Clarita Music batting - Pitching for Long Beach KO : RHP José Rivera
|
Batting: RHB Jesús Morales
|
0-0: Called Strike 0-1: Called Strike 0-2: Ball 1-2: Ball 2-2: Foul Ball, location: 2F 2-2: Ball 3-2: Ground out U3 (Groundball, 34)
|
Batting: LHB Roberto Martínez
|
0-0: Ball 1-0: Foul Ball, location: 2F 1-1: Ball 2-1: Ball 3-1: Base on Balls
|
Batting: RHB Adam Gentry
|
0-0: Called Strike 0-1: Called Strike 0-2: Ball 1-2: Strikes out swinging
|
Batting: RHB Luis Suárez
|
0-0: Called Strike 0-1: Ball 1-1: Called Strike 1-2: Foul Ball, location: 2F 1-2: Fly out, F8 (Flyball, 8LD)
|
Top of the 2nd over - 0 run(s), 0 hit(s), 0 error(s), 1 left on base; Santa Clarita 3 - Long Beach 2 |
BOTTOM OF THE 2ND |
Long Beach KO batting - Pitching for Santa Clarita Music : RHP Pat Hardy
|
Batting: LHB Gabriel Estrada
|
0-0: Called Strike 0-1: Foul Ball, location: 2F 0-2: Ball 1-2: Fly out, F9 (Line Drive, 9)
|
Batting: RHB Roberto Landavazo
|
0-0: Ball 1-0: Foul Ball, location: 2F 1-1: Ground out 5-3 (Groundball, 56)
|
Batting: RHB Miguel Rodríguez
|
0-0: Ball 1-0: Swinging Strike 1-1: SINGLE (Groundball, 34S) (infield hit)
|
Batting: SHB Troy Abreu
|
0-0: Ground out 4-3 (Groundball, 34)
|
Bottom of the 2nd over - 0 run(s), 1 hit(s), 0 error(s), 1 left on base; Santa Clarita 3 - Long Beach 2 |
TOP OF THE 3RD |
Santa Clarita Music batting - Pitching for Long Beach KO : RHP José Rivera
|
Batting: RHB António Martínez
|
0-0: Foul Ball, location: 2F 0-1: Ball 1-1: Swinging Strike 1-2: Ball 2-2: Foul Ball, location: 2F 2-2: Ball 3-2: Foul Ball, location: 2F 3-2: Foul Ball, location: 2F 3-2: Base on Balls
|
Batting: RHB Rickey Núñez
|
0-0: Called Strike 0-1: Ball 1-1: Called Strike 1-2: Ball António Martínez steals 2nd base 2-2: Strikes out swinging
|
Batting: LHB Francisco Blanco
|
0-0: Fly out, F7 (Flyball, 78M)
|
Batting: SHB Stan Gómez
|
0-0: Ball 1-0: SINGLE (Line Drive, 4MD) António Martínez to third Runner from 3rd tries for Home, SAFE, no throw
|
Batting: SHB Pedro Rodríguez
|
0-0: Ball 1-0: SINGLE (Line Drive, 6) Stan Gómez to second
|
Batting: RHB Jesús Morales
|
0-0: Ball Wild Pitch! Stan Gómez to third Pedro Rodríguez to second 1-0: Foul Ball, location: 2F 1-1: Ground out 5-3 (Groundball, 56)
|
Top of the 3rd over - 1 run(s), 2 hit(s), 0 error(s), 2 left on base; Santa Clarita 4 - Long Beach 2 |
BOTTOM OF THE 3RD |
Long Beach KO batting - Pitching for Santa Clarita Music : RHP Pat Hardy
|
Batting: RHB Cal Cox
|
0-0: Ball 1-0: Foul Ball, location: 2F 1-1: Ball 2-1: Swinging Strike 2-2: Ball 3-2: Foul Ball, location: 2F 3-2: SINGLE (Line Drive, 56)
|
Batting: SHB Albert Flores
|
0-0: Ball 1-0: Called Strike 1-1: Ground out 4-3 (Groundball, 34S) Cal Cox to second
|
Batting: RHB Rich Crabtree
|
0-0: Called Strike 0-1: Called Strike 0-2: Ball 1-2: Ball 2-2: Ball 3-2: Foul Ball, location: 2F 3-2: Base on Balls
|
Batting: LHB Adrian Neal
|
0-0: Called Strike 0-1: Ball 1-1: Swinging Strike 1-2: Ball 2-2: Ball 3-2: Fly out, F4 (Popup, 4D)
|
Batting: RHB Tim Torres
|
0-0: SINGLE (Line Drive, 89S) Cal Cox to third Rich Crabtree to second
|
Batting: LHB Gabriel Estrada
|
0-0: Fielders Choice at 2nd, 4-6 (Groundball, 34)
|
Bottom of the 3rd over - 0 run(s), 2 hit(s), 0 error(s), 2 left on base; Santa Clarita 4 - Long Beach 2 |
TOP OF THE 4TH |
Santa Clarita Music batting - Pitching for Long Beach KO : RHP José Rivera
|
Batting: LHB Roberto Martínez
|
0-0: Ball 1-0: Foul Ball, location: 2F 1-1: Swinging Strike 1-2: Foul Ball, location: 2F 1-2: Foul Ball, location: 2F 1-2: DOUBLE (Line Drive, 9LM)
|
Batting: RHB Adam Gentry
|
0-0: Ground out 6-3 (Groundball, 6)
|
Batting: RHB Luis Suárez
|
0-0: Ball 1-0: Swinging Strike 1-1: Called Strike 1-2: Strikes out swinging
|
Batting: RHB António Martínez
|
0-0: Called Strike 0-1: Ball 1-1: Foul Ball, location: 2F 1-2: Ground out 3-1 (Groundball, 34)
|
Top of the 4th over - 0 run(s), 1 hit(s), 0 error(s), 1 left on base; Santa Clarita 4 - Long Beach 2 |
BOTTOM OF THE 4TH |
Long Beach KO batting - Pitching for Santa Clarita Music : RHP Pat Hardy
|
Batting: RHB Roberto Landavazo
|
0-0: Swinging Strike 0-1: Foul Ball, location: 2F 0-2: Ball 1-2: Strikes out swinging
|
Batting: RHB Miguel Rodríguez
|
0-0: SINGLE (Flyball, 7S)
|
Batting: SHB Troy Abreu
|
0-0: Ball 1-0: Foul Ball, location: 2F 1-1: Called Strike 1-2: Ball 2-2: Ball Miguel Rodríguez is caught stealing 2nd base 3-2: Foul Ball, location: 2F 3-2: Ground out 1-3 (Groundball, 15S)
|
Bottom of the 4th over - 0 run(s), 1 hit(s), 0 error(s), 0 left on base; Santa Clarita 4 - Long Beach 2 |
TOP OF THE 5TH |
Santa Clarita Music batting - Pitching for Long Beach KO : RHP José Rivera
|
Batting: RHB Rickey Núñez
|
0-0: Ball 1-0: Ground out 4-3 (Groundball, 4)
|
Pitching: LHP Qin-shu Cheng
|
|
Batting: LHB Francisco Blanco
|
0-0: Ball 1-0: Called Strike 1-1: Ground out U3 (Groundball, 34)
|
Batting: SHB Stan Gómez
|
0-0: Called Strike 0-1: Fly out, F8 (Flyball, 78M)
|
Top of the 5th over - 0 run(s), 0 hit(s), 0 error(s), 0 left on base; Santa Clarita 4 - Long Beach 2 |
BOTTOM OF THE 5TH |
Long Beach KO batting - Pitching for Santa Clarita Music : RHP Pat Hardy
|
Batting: RHB Cal Cox
|
0-0: Fly out, F8 (Flyball, 8RM)
|
Batting: SHB Albert Flores
|
0-0: Ball 1-0: Ball 2-0: Called Strike 2-1: Foul Ball, location: 2F 2-2: Ball 3-2: Ground out U3 (Groundball, 34)
|
Batting: RHB Rich Crabtree
|
0-0: Ball 1-0: Ball 2-0: Ball 3-0: Called Strike 3-1: SOLO HOME RUN (Line Drive, 8LXD), Distance : 436 ft
|
Batting: LHB Adrian Neal
|
0-0: Ball 1-0: Ball 2-0: Swinging Strike 2-1: Ball 3-1: Base on Balls
|
Pitching: RHP John Wright
|
|
Batting: RHB Tim Torres
|
0-0: Ball 1-0: Fly out, F9 (Flyball, 9)
|
Bottom of the 5th over - 1 run(s), 1 hit(s), 0 error(s), 1 left on base; Santa Clarita 4 - Long Beach 3 |
TOP OF THE 6TH |
Santa Clarita Music batting - Pitching for Long Beach KO : LHP Qin-shu Cheng
|
Batting: SHB Pedro Rodríguez
|
0-0: SINGLE (Line Drive, 8LS)
|
Batting: RHB Jesús Morales
|
0-0: DOUBLE (Line Drive, 7LM) Pedro Rodríguez to third
|
Batting: LHB Roberto Martínez
|
0-0: Ball 1-0: Called Strike 1-1: SINGLE (Groundball, 4D) Pedro Rodríguez scores Jesús Morales to third Runner from 3rd tries for Home, SAFE, throw made home Roberto Martínez to second
|
Pitching: RHP Carlos Fernández
|
|
Batting: RHB Adam Gentry
|
0-0: Swinging Strike 0-1: Swinging Strike 0-2: Ball 1-2: Foul Ball, location: 2F 1-2: Strikes out swinging
|
Batting: RHB Luis Suárez
|
0-0: Ball 1-0: Called Strike 1-1: Swinging Strike 1-2: Ball 2-2: Strikes out swinging
|
Batting: RHB António Martínez
|
0-0: Ball 1-0: Ball 2-0: Called Strike 2-1: Foul Ball, location: 2F 2-2: Foul Ball, location: 2F 2-2: Ball 3-2: DOUBLE (Line Drive, 78D) Roberto Martínez scores
|
Batting: RHB Rickey Núñez
|
0-0: Ball 1-0: SINGLE (Groundball, 6MD) António Martínez to third Runner from 3rd tries for Home, SAFE, no throw
|
Batting: LHB Francisco Blanco
|
0-0: Ball 1-0: SINGLE (Line Drive, 8LS) Rickey Núñez to second
|
Batting: SHB Stan Gómez
|
0-0: Ball 1-0: SINGLE (Groundball, 23) (infield hit) Rickey Núñez to third Francisco Blanco to second
|
Batting: SHB Pedro Rodríguez
|
0-0: Reached on error, E5 (Groundball, 56) Rickey Núñez scores Francisco Blanco to third Stan Gómez to second
|
Batting: RHB Jesús Morales
|
0-0: Foul Ball, location: 2F 0-1: Foul Ball, location: 2F 0-2: Strikes out swinging
|
Top of the 6th over - 5 run(s), 7 hit(s), 1 error(s), 3 left on base; Santa Clarita 9 - Long Beach 3 |
BOTTOM OF THE 6TH |
Long Beach KO batting - Pitching for Santa Clarita Music : RHP John Wright
|
Batting: LHB Gabriel Estrada
|
0-0: Ball 1-0: DOUBLE (Line Drive, 5D)
|
Batting: RHB Roberto Landavazo
|
0-0: Ball 1-0: Foul Ball, location: 2F 1-1: Ball 2-1: SINGLE (Line Drive, 8LS) Gabriel Estrada to third
|
Batting: RHB Miguel Rodríguez
|
0-0: Swinging Strike 0-1: Called Strike 0-2: Ball 1-2: Strikes out swinging
|
Batting: SHB Troy Abreu
|
0-0: Ball 1-0: Swinging Strike 1-1: Ball 2-1: Ball 3-1: Fly out, F4 (Popup, 34D)
|
Batting: RHB Cal Cox
|
0-0: Swinging Strike 0-1: Ball 1-1: Called Strike 1-2: Strikes out looking
|
Bottom of the 6th over - 0 run(s), 2 hit(s), 0 error(s), 2 left on base; Santa Clarita 9 - Long Beach 3 |
TOP OF THE 7TH |
Santa Clarita Music batting - Pitching for Long Beach KO : RHP Carlos Fernández
|
Batting: LHB Roberto Martínez
|
0-0: Foul Ball, location: 2F 0-1: Foul Ball, location: 2F 0-2: Foul Ball, location: 2F 0-2: Foul Ball, location: 2F 0-2: Ball 1-2: Ball 2-2: Ball 3-2: Base on Balls
|
Batting: RHB Adam Gentry
|
0-0: Foul Ball, location: 2F 0-1: Fly out, F9 (Flyball, 9LS)
|
Batting: RHB Luis Suárez
|
0-0: Fly out, F4 (Flyball, 34D)
|
Batting: RHB António Martínez
|
0-0: Ball 1-0: Foul Ball, location: 2F 1-1: Ball 2-1: Fly out, F9 (Flyball, 89M)
|
Top of the 7th over - 0 run(s), 0 hit(s), 0 error(s), 1 left on base; Santa Clarita 9 - Long Beach 3 |
BOTTOM OF THE 7TH |
Long Beach KO batting - Pitching for Santa Clarita Music : RHP John Wright
|
Batting: SHB Albert Flores
|
0-0: Called Strike 0-1: Ball 1-1: Called Strike 1-2: Ball 2-2: Strikes out looking
|
Batting: RHB Rich Crabtree
|
0-0: Swinging Strike 0-1: Swinging Strike 0-2: Strikes out swinging
|
Batting: LHB Adrian Neal
|
0-0: Foul Ball, location: 2F 0-1: Foul Ball, location: 2F 0-2: Ball 1-2: Ball 2-2: Strikes out swinging
|
Bottom of the 7th over - 0 run(s), 0 hit(s), 0 error(s), 0 left on base; Santa Clarita 9 - Long Beach 3 |
TOP OF THE 8TH |
Santa Clarita Music batting - Pitching for Long Beach KO : RHP Carlos Fernández
|
Batting: RHB Rickey Núñez
|
0-0: Called Strike 0-1: Ball 1-1: Ball 2-1: Ball 3-1: Ground out 6-3 (Groundball, 6)
|
Batting: LHB Francisco Blanco
|
0-0: Foul Ball, location: 2F 0-1: Fly out, F6 (Line Drive, 6M)
|
Batting: SHB Stan Gómez
|
0-0: Called Strike 0-1: Fly out, F8 (Flyball, 8RS)
|
Top of the 8th over - 0 run(s), 0 hit(s), 0 error(s), 0 left on base; Santa Clarita 9 - Long Beach 3 |
BOTTOM OF THE 8TH |
Long Beach KO batting - Pitching for Santa Clarita Music : RHP John Wright
|
Now in LF: Greg Grant
|
|
Now in RF: Ramiro Medrano
|
|
Batting: RHB Tim Torres
|
0-0: Ball 1-0: Fly out, F3 (Popup, 3L)
|
Batting: LHB Gabriel Estrada
|
0-0: Ball 1-0: Called Strike 1-1: Called Strike 1-2: Strikes out looking
|
Batting: RHB Roberto Landavazo
|
0-0: Called Strike 0-1: Swinging Strike 0-2: SINGLE (Line Drive, 4MD)
|
Batting: RHB Miguel Rodríguez
|
0-0: Fly out, F4 (Flyball, 4D)
|
Bottom of the 8th over - 0 run(s), 1 hit(s), 0 error(s), 1 left on base; Santa Clarita 9 - Long Beach 3 |
TOP OF THE 9TH |
Santa Clarita Music batting - Pitching for Long Beach KO : RHP Carlos Fernández
|
Batting: SHB Pedro Rodríguez
|
0-0: Ball 1-0: Foul Ball, location: 2F 1-1: Ground out 4-3 (Groundball, 4M)
|
Batting: RHB Jesús Morales
|
0-0: Ball 1-0: Called Strike 1-1: Foul Ball, location: 2F 1-2: Fly out, F9 (Flyball, 9S)
|
Batting: LHB Roberto Martínez
|
0-0: Ball 1-0: Foul Ball, location: 2F 1-1: Called Strike 1-2: Foul Ball, location: 2F 1-2: Foul Ball, location: 2F 1-2: Ball 2-2: Foul Ball, location: 2F 2-2: Ball 3-2: Foul Ball, location: 2F 3-2: Strikes out looking
|
Top of the 9th over - 0 run(s), 0 hit(s), 0 error(s), 0 left on base; Santa Clarita 9 - Long Beach 3 |
BOTTOM OF THE 9TH |
Long Beach KO batting - Pitching for Santa Clarita Music : RHP John Wright
|
Batting: SHB Troy Abreu
|
0-0: Ball 1-0: Swinging Strike 1-1: Ball 2-1: Ball 3-1: Foul Ball, location: 2F 3-2: Foul Ball, location: 2F 3-2: Ground out 4-3 (Groundball, 4D)
|
Pitching: RHP Álex Amaya
|
|
Batting: RHB Cal Cox
|
0-0: Called Strike 0-1: Swinging Strike 0-2: Foul Ball, location: 2F 0-2: Strikes out swinging
|
Batting: SHB Albert Flores
|
0-0: Called Strike 0-1: Ball 1-1: Ball 2-1: Ground out 3-1 (Groundball, 34)
|
Bottom of the 9th over - 0 run(s), 0 hit(s), 0 error(s), 0 left on base; Santa Clarita 9 - Long Beach 3 |
|